 Dungeon Crawl Stone Soup version 0.30-a0-996-ga6910c8ee8 (webtiles) character file.

Game seed: 2278594575077598014

2038 ytrimaz the Ruffian (level 9, -2/83 HPs)
             Began as a Troll Transmuter on Apr 5, 2023.
             Slain by a gnoll
             ... wielding a +0 club
             ... led by a gnoll sergeant
              (8 damage)
             ... on level 7 of the Dungeon.
             The game lasted 00:08:01 (4656 turns).

ytrimaz the Ruffian (Troll Transmuter)              Turns: 4656, Time: 00:08:02

Health: -2/83      AC:  4    Str: 23    XL:     9   Next: 4%
Magic:  13/14      EV: 14    Int: 13    God:
Gold:   900        SH:  0    Dex: 10    Spells: 13/16 levels left

rFire   . . .      SeeInvis .      - Unarmed
rCold   . . .      Faith    .    (no shield)
rNeg    . . .      Spirit   .    a - +0 robe
rPois   .          Reflect  .    (helmet currently unavailable)
rElec   +          Rampage  .    (no cloak)
rCorr   .                        (gloves unavailable)
Will    .....                    (boots unavailable)
Stlth   +                        (no amulet)
HPRegen 1.13/turn                d - ring of Puephil {Wiz +Blink rElec Str+3}
MPRegen 0.14/turn                i - +5 ring of evasion

@: appendages, wereblooded
A: horns 2, talons 2, large, unfitting armour, claws 3, regeneration 1, shaggy
fur 1, tough skin 1
a: End Transformation, Evoke Blink


You were on level 7 of the Dungeon.
You had temporarily grown beastly horns and talons.
You visited 1 branch of the dungeon, and saw 7 of its levels.
You also visited: Ossuary.

You collected 1362 gold pieces.
You spent 462 gold pieces at shops.


Innate Abilities, Weirdness & Mutations

You have temporarily grown beastly horns and talons.
You are too large for most types of armour.
You have claws for hands.
Your natural rate of healing is unusually fast.
You are covered in fur. (AC +1)
You have tough skin. (AC +1)


   Skills:
 * Level 3.3 Fighting
 - Level 1.5 Dodging
 + Level 7.5 Unarmed Combat
 - Level 4.0 Spellcasting
 - Level 5.0 Transmutations


You had 13 spell levels left.
You knew the following spells:

 Your Spells              Type           Power      Damage    Failure   Level
a - Beastly Appendage     Tmut           30%        N/A       1%          1
b - Wereblood             Tmut           15%        N/A       1%          2

Your spell library contained the following spells:

 Spells                   Type           Power      Damage    Failure   Level
 Sting                    Tmut/Pois      36%        1d4       3%          1
 Shock                    Conj/Air       8%         1d3       9%          1
 Spider Form              Tmut/Pois      9%         N/A       9%          3
 Poisonous Vapours        Pois/Air       4%         N/A       12%         2
 Scorch                   Fire           4%         2d5       12%         2
 Sublimation of Blood     Necr           2%         N/A       12%         2
 Swiftness                Air            2%         N/A       24%         3
 Ice Form                 Ice/Tmut       9%         N/A       28%         4
 Airstrike                Air            1%         2d(1-17)  58%         4
 Flame Wave               Conj/Fire      2%         2d4       58%         4
 Olgreb's Toxic Radiance  Pois           2%         N/A       58%         4
 Alistair's Intoxication  Tmut/Pois      6%         N/A       58%         5
 Borgnjor's Vile Clutch   Necr/Erth      1%         N/A       89%         5
 Iskenderun's Battlesphe  Conj           2%         2d6       89%         5
 Eringya's Noxious Bog    Tmut/Pois      4%         N/A       98%         6
 Iron Shot                Conj/Erth      1%         9d1       100%        6
 Summon Cactus Giant      Summ           1%         N/A       100%        6
 Spellforged Servitor     Conj/Summ      1%         N/A       100%        7
 Summon Hydra             Summ           1%         N/A       100%        7

Inventory:

Armour
 a - a +0 robe (worn)
Jewellery
 c - a ring of protection from fire
   (You found it on level 1 of the Dungeon)
 d - the ring of Puephil (left claw) {Wiz +Blink rElec Str+3}
   (You bought it in a shop on level 1 of the Dungeon)

   [ring of wizardry]

   It improves your spell success rate.
   Str:       It affects your strength (+3).
   rElec:     It insulates you from electricity.
   +Blink:    It lets you blink.
 e - a ring of ice
   (You found it on level 6 of the Dungeon)
 i - a +5 ring of evasion (right claw)
   (You found it on level 1 of the Dungeon)
Wands
 l - a wand of mindburst (20)
   (You found it on level 4 of the Dungeon)
 o - a wand of flame (16)
   (You found it on level 3 of the Dungeon)
Scrolls
 h - 4 scrolls of blinking
 j - 4 scrolls of teleportation
 m - 2 scrolls of enchant weapon
 n - 3 scrolls of vulnerability
 p - 2 scrolls of poison
 q - 2 scrolls of noise
 t - 2 scrolls of amnesia
 u - a scroll of fear
Potions
 b - a potion of lignification
 f - a potion of flight
 g - 6 potions of curing
 k - 3 potions of might
 r - 2 potions of brilliance
 s - 4 potions of heal wounds
 v - a potion of magic

Dungeon Overview and Level Annotations

Branches:
Dungeon (7/15) Zot: 26746  Temple (0/1) D:7         Ossuary (visited)

Altars:
Sif Muna
Trog

Shops:
D:1 * D:2

* ## .#
.# ### .#
#.. .###
# #.# ...
#.##.##.#
#
#...g@..#
.. .
####g####
#. ..
##g# #.
.# #.g#
#.#.#
####.###
#...#
#......#
#..##
#.##.#.#
#..## #
#...#
#....
###.#
##.##


You could see 4 gnolls.


Message History

Unknown command. 😕 HP[+1]
Casting: Wereblood (safe; 1% risk of failure)
Confirm with . or Enter, or press ? or * to list all spells.
You grow a pair of large bovine horns.
Your feet morph into talons.
The gnoll sergeant barely misses you. 😕 HP[+2] MP[-1]
You regained 2 hp, and now have 63/81 hp.
You lost 1 mp, and now have 11/14 mp.
Unknown command.
The gnoll sergeant blocks your attack. x2
Your headbutt misses the gnoll sergeant. 😕 HP[+1]
You scratch the gnoll sergeant but do no damage.
You claw the gnoll sergeant.
Your headbutt misses the gnoll sergeant.
The gnoll hits you with a +0 club.
The gnoll sergeant hits you with a +3 spear of venom.
You are poisoned. 😮 HP[-8]
You take 8 damage, and now have 56/81 hp.
You claw the gnoll sergeant! You claw the gnoll sergeant.
You headbutt the gnoll sergeant, but do no damage.
You feel sick.
The gnoll sergeant hits you with a +3 spear of venom!
* * * LOW HITPOINT WARNING * * *
You are more poisoned.
The gnoll misses you. 😨 HP[-17]
You take 17 damage, and now have 39/81 hp.
MASSIVE DAMAGE!! (PAUSE)
You scratch the gnoll sergeant but do no damage.
Your kick misses the gnoll sergeant. You headbutt the gnoll sergeant.
You feel very sick. The gnoll completely misses you.
The gnoll sergeant hits you with a +3 spear of venom!
* * * LOW HITPOINT WARNING * * *
You are more poisoned. 😨 HP[-14]
You take 14 damage, and now have 25/81 hp.
You feel better. The gnoll hits you but does no damage.
The gnoll sergeant misses you. 😨 HP[+12] MP[+1]
You regained 12 hp, and now have 37/81 hp.
The gnoll sergeant blocks your attack. x2; The gnoll closely misses you.
The gnoll sergeant closely misses you. 😨 HP[+1] Unknown command.
You scratch the gnoll sergeant. Your kick misses the gnoll sergeant.
The gnoll sergeant hits you with a +3 spear of venom.
* * * LOW HITPOINT WARNING * * *
The gnoll hits you with a +0 club.
* * * LOW HITPOINT WARNING * * *
😨 HP[-7]
You take 7 damage, and now have 31/81 hp.
Unknown command.
Okay, then.
Unknown command.
The gnoll sergeant blocks your attack. x3 😨 HP[+1] Unknown command.
The gnoll sergeant blocks your attack.
You claw the gnoll sergeant, but do no damage.
The gnoll hits you with a +0 club.
* * * LOW HITPOINT WARNING * * *
The gnoll sergeant hits you with a +3 spear of venom!
* * * LOW HITPOINT WARNING * * *
You are poisoned. 😱 HP[-16]
You take 16 damage, and now have 16/81 hp.
You scratch the gnoll sergeant.
You feel a bit better.
You kill the gnoll sergeant!
You feel very sick. The gnoll misses you. 😱 HP[+1]
You now have 83 max hp (+2).
Unknown command.
Unknown command.
You barely miss the gnoll.
You feel sick. The gnoll hits you with a +0 club.
* * * LOW HITPOINT WARNING * * *
😱 HP[-4]
You take 4 damage, and now have 13/83 hp.
You scratch the gnoll.
You feel sick. 😱 HP[-1]
You take 1 damage, and now have 12/83 hp.
You feel sick. The gnoll hits you with a +0 club.
* * * LOW HITPOINT WARNING * * *
The gnoll hits you with a +0 club.
* * * LOW HITPOINT WARNING * * *
😱 HP[-7] MP[+1]
You take 7 damage, and now have 5/83 hp.
Unknown command.
Unknown command.
You feel better. The gnoll hits you with a +0 club.
* * * LOW HITPOINT WARNING * * *
The gnoll hits you with a +0 club.
* * * LOW HITPOINT WARNING * * *
Unknown command.
The gnoll hits you with a +0 club!
You die...

Skill      XL: |  1  2  3  4  5  6  7  8 |
---------------+-------------------------+-----
Transmutations | 2 3 4 5 |  5.0
Spellcasting   | 2 4 |  4.0
Unarmed Combat | 4 7 |  7.5
Fighting       | 3 |  3.3
Dodging        | |  1.5

Action                     |  1- 3 |  4- 6 |  7- 9 || total
---------------------------+-------+-------+-------++-------
  Melee: Unarmed           |   119 |   155 |   242 ||   516
         Punch             |     2 |     2 |     7 ||    11
         Kick              |       |       |     4 ||     4
         Headbutt          |       |       |     3 ||     3
   Cast: Beastly Appendage |       |       |     3 ||     3
         Wereblood         |       |       |     2 ||     2
    Use: Scroll            |     9 |     2 |     6 ||    17
         Potion            |       |     2 |     2 ||     4
   Stab: Sleeping          |     2 |       |       ||     2
 Armour: Robe              |    37 |    43 |    57 ||   137
  Dodge: Dodged            |    89 |   134 |   181 ||   404

Levels and vault maps discovered:
D:1:      dpeg_arrival_short_road, layout_loops_cross, serial_shops, shop
D:2:      layout_rooms, serial_shops, nicolae_shop_statue_plus,
          chequers_serial_rivers_micro_b, minmay_liquid_box, minmay_pentomino_z2
D:3:      layout_basic, serial_bayou_pond_d, nicolae_titane
D:4:      layout_loops_ring, mainiacjoe_overflow_concentric_impassable,
          chequers_ossuary_entry_cave
D:5:      layout_rooms
D:6:      layout_cave_pools
D:7:      layout_loops_cross, amcnicky_altar_gilded,
          minmay_temple_entry_poolview, uniq_menkaure

Notes
Turn   | Place    | Note
-------+----------+-------------------------------------------
     0 | D:1      | ytrimaz the Troll Transmuter began the quest for the Orb.
     0 | D:1      | Reached XP level 1. HP: 18/18 MP: 1/1
     0 | D:1      | magus.rc [v1.9.6]
    16 | D:1      | You pick up a book of Scorching and begin reading...
    16 | D:1      | You add the spells Scorch, Flame Wave and Summon Cactus
                  | Giant to your library.
    82 | D:1      | Reached XP level 2. HP: 24/26 MP: 3/3
   138 | D:1      | Reached skill level 2 in Transmutations
   154 | D:1      | You pick up a book of Air and begin reading...
   154 | D:1      | You add the spells Shock, Swiftness and Airstrike to your
                  | library.
   225 | D:1      | Learned a level 2 spell: Wereblood
   592 | D:1      | Reached XP level 3. HP: 32/32 MP: 4/4
   645 | D:1      | Found Uzotwuha's Assorted Antiques.
   653 | D:1      | Identified a scroll of acquirement
   656 | D:1      | Acquired 903 gold pieces
   660 | D:1      | Bought a coiled steel ring for 155 gold pieces
   660 | D:1      | Identified the ring of Puephil {Wiz +Blink rElec Str+3}
                  | (You bought it in a shop on level 1 of the Dungeon)
   660 | D:1      | Bought a scroll of identify for 62 gold pieces
   660 | D:1      | Bought a scroll labelled PAWUAF VYQAYQ for 31 gold pieces
   660 | D:1      | Bought a scroll of identify for 62 gold pieces
   660 | D:1      | Bought a green potion for 27 gold pieces
   717 | D:2      | Found Juteen's Assorted Antiques.
   749 | D:2      | Bought a scroll labelled NIENOJ ZASK for 25 gold pieces
   749 | D:2      | Bought a scroll of identify for 50 gold pieces
   749 | D:2      | Bought a scroll of identify for 50 gold pieces
   783 | D:2      | You add the spells Sting, Poisonous Vapours and Olgreb's
                  | Toxic Radiance to your library.
  1143 | D:2      | Reached XP level 4. HP: 40/40 MP: 5/5
  1319 | D:3      | You pick up a book of Power and begin reading...
  1319 | D:3      | You add the spells Iskenderun's Battlesphere, Iron Shot and
                  | Spellforged Servitor to your library.
  1429 | D:3      | Reached skill level 3 in Transmutations
  1555 | D:3      | Reached skill level 2 in Spellcasting
  2169 | D:4      | Found a shimmering blue altar of Sif Muna.
  2237 | D:4      | You add the spells Alistair's Intoxication, Borgnjor's Vile
                  | Clutch and Eringya's Noxious Bog to your library.
  2288 | D:4      | Noticed a scorpion
  2296 | D:4      | Killed a scorpion
  2297 | D:4      | Reached XP level 5. HP: 26/46 MP: 7/7
  2553 | D:4      | HP: 5/46 [gnoll/+0 halberd (11)]
  2557 | D:4      | HP: 1/46 [gnoll/+0 spear (7)]
  2638 | D:4      | Found a sand-covered staircase.
  2645 | Ossuary  | Entered an ossuary
  2672 | Ossuary  | Reached skill level 4 in Transmutations
  2701 | Ossuary  | Reached XP level 6. HP: 54/54 MP: 8/8
  2748 | Ossuary  | Reached XP level 7. HP: 57/61 MP: 10/10
  2786 | Ossuary  | Reached skill level 3 in Spellcasting
  2786 | Ossuary  | Reached skill level 5 in Transmutations
  2959 | Ossuary  | Reached skill level 4 in Spellcasting
  3060 | Ossuary  | Reached skill level 4 in Unarmed Combat
  3087 | Ossuary  | Reached XP level 8. HP: 66/68 MP: 13/13
  3423 | D:5      | Entered Level 5 of the Dungeon
  3493 | D:5      | Reached skill level 5 in Unarmed Combat
  3631 | D:5      | You pick up a book of Blood and begin reading...
  3631 | D:5      | You add the spells Sublimation of Blood and Summon Hydra to
                  | your library.
  3817 | D:5      | Reached skill level 6 in Unarmed Combat
  4065 | D:6      | Reached skill level 1 in Fighting
  4065 | D:6      | Reached skill level 7 in Unarmed Combat
  4129 | D:6      | Reached skill level 2 in Fighting
  4499 | D:7      | Found a staircase to the Ecumenical Temple.
  4560 | D:7      | Reached skill level 3 in Fighting
  4560 | D:7      | Reached XP level 9. HP: 75/81 MP: 14/14
  4614 | D:7      | Found a bloodstained altar of Trog.
  4650 | D:7      | HP: 16/81 [gnoll sergeant/+3 spear of venom (13)]
  4654 | D:7      | HP: 7/83 [gnoll/+0 club[a gnoll sergeant] (5)]
  4656 | D:7      | Slain by a gnoll

Vanquished Creatures
  A water moccasin (D:5)
  2 black bears (D:5)
  A hornet zombie (Ossuary)
  A centaur (D:6)
  A phantom (D:7)
  A gnoll sergeant (D:7)
  A bullfrog (D:6)
  A water moccasin zombie (Ossuary)
  2 scorpions
  4 wights (D:7)
  6 bullfrog zombies (Ossuary)
  A hound (D:6)
  7 centaur zombies (Ossuary)
  An orc wizard (D:6)
  2 iguanas (D:5)
  4 killer bee zombies (Ossuary)
  13 mummies (Ossuary)
  A howler monkey zombie (Ossuary)
  4 adders
  4 gnolls
  2 shadow imps (D:6)
  2 ufetubi (D:6)
  A worm (D:2)
  4 dart slugs
  8 orcs
  11 bats
  3 endoplasms
  2 giant cockroaches (D:1)
  7 goblins
  4 hobgoblins
  9 jackals
  3 quokkas
  8 ball pythons
  A frilled lizard (D:2)
  6 kobolds
  8 rats
137 creatures vanquished.

Vanquished Creatures (others)
  4 withered plants (Ossuary)
4 creatures vanquished.

Grand Total: 141 creatures vanquished

Table legend:
 A = Non-vault XP
 B = Vault XP
 C = Vault XP percentage of total XP
 D = Non-vault monster count
 E = Vault monster count
 F = Vault count percentage of total count
                 A         B        C        D         E       F
            +---------+---------+-------+---------+---------+-------
      Total |    1696 |    1216 |  41.8 |     102 |      35 |  25.5
            +---------+---------+-------+---------+---------+-------
        D:1 |      42 |       0 |   0.0 |      23 |       0 |   0.0
        D:2 |      61 |       3 |   4.7 |      27 |       2 |   6.9
        D:3 |      47 |       0 |   0.0 |      14 |       0 |   0.0
        D:4 |     146 |       0 |   0.0 |      10 |       0 |   0.0
        D:5 |     473 |       0 |   0.0 |       7 |       0 |   0.0
        D:6 |     425 |       0 |   0.0 |      14 |       0 |   0.0
        D:7 |     502 |       0 |   0.0 |       7 |       0 |   0.0
    Ossuary |       0 |    1213 | 100.0 |       0 |      33 | 100.0
            +---------+---------+-------+---------+---------+-------

Illustrated notes

Table legend:
 A = Kills in this place as a percentage of kills in the entire game.
 B = Kills by you in this place as a percentage of kills by you in the entire game.
 C = Kills by friends in this place as a percentage of kills by friends in the entire game.
 D = Other kills in this place as a percentage of other kills in the entire game.
 E = Experience gained in this place as a percentage of experience gained in the entire game.
 F = Experience gained in this place divided by the number of levels of this place that you have seen.
                   A       B       C       D       E      F
               +-------+-------+-------+-------+-------+----------------------
         Total | 100.0 | 100.0 |   N/A |   N/A | 100.0 | 364.0
       Dungeon |  75.9 |  75.9 |   N/A |   N/A |  58.3 | 242.7
       Ossuary |  24.1 |  24.1 |   N/A |   N/A |  41.7 | 1213.0
               +-------+-------+-------+-------+-------+----------------------

Table legend: (Time is in decaauts)
 A = Elapsed time spent in this place.
 B = Non-inter-level travel time spent in this place.
 C = Inter-level travel time spent in this place.
 D = Time resting spent in this place.
 E = Time spent auto-exploring this place.
 F = Levels seen in this place.
 G = Mean time per level.
                   A        B        C        D        E       F      G
               +--------+--------+--------+--------+--------+-----+--------+
         Total |   4614 |   4445 |    169 |     18 |   3338 |   8 |  576.8 |
       Dungeon |   4129 |   3960 |    169 |      0 |   3162 |   7 |  589.9 |
       Ossuary |    485 |    485 |      0 |     18 |    176 |   1 |  485.0 |
               +--------+--------+--------+--------+--------+-----+--------+

Top non-repeatable levels by time:
     D:4: 826 daAuts
     D:3: 798 daAuts
     D:1: 707 daAuts
     D:2: 578 daAuts
     D:6: 523 daAuts
 Ossuary: 485 daAuts
     D:5: 442 daAuts
     D:7: 252 daAuts
